 Dungeon Crawl Stone Soup version 0.28.0 (webtiles) character file.

Game seed: 8921888012642926309

25 ProzacElf the Sneak (level 3, 19/19 HPs)
             Began as a Kobold Air Elementalist on Feb 14, 2022.
             Was an Initiate of Ru.
             Quit the game on level 1 of the Dungeon.
             The game lasted 00:03:09 (955 turns).

ProzacElf the Sneak (Kobold Air Elementalist)        Turns: 955, Time: 00:03:09

Health: 19/19      AC:  2    Str:  7    XL:     3   Next: 20%
Magic:  6/6        EV: 15    Int: 16    God:    Ru [......]
Gold:   18         SH:  0    Dex: 15    Spells: 3/6 levels left

rFire   . . .      SeeInvis .   a - +0 short sword
rCold   . . .      Faith    .   (no shield)
rNeg    . . .      Spirit   .   b - +0 robe
rPois   .          Reflect  .   (no helmet)
rElec   .          Harm     .   (no cloak)
rCorr   .          Rampage  .   (no gloves)
Will    .....                   (no boots)
Stlth   +++.......              (no amulet)
HPRegen 0.06/turn               e - ring of flight
MPRegen 0.10/turn               (no ring)

@: flying
A: small, no large weapons, nightstalker 3
a: Renounce Religion, Sacrifice Courage, Sacrifice Skill, Sacrifice Durability,
Reject Sacrifices


You were on level 1 of the Dungeon.
You worshipped Ru.
Ru was noncommittal.
You visited 1 branch of the dungeon, and saw 1 of its levels.

You collected 18 gold pieces.

Inventory:

Hand Weapons
 a - a +0 short sword (weapon)
Missiles
 j - 5 poisoned darts (quivered)
Armour
 b - a +0 robe (worn)
Jewellery
 e - a ring of flight (left hand)
Scrolls
 c - a scroll of identify {unknown}
 d - 2 scrolls of blinking {unknown}
 f - a scroll of brand weapon {unknown}
 h - a scroll of noise {unknown}
 i - a scroll of fear {unknown}
Potions
 g - 2 potions of flight {unknown}


   Skills:
 - Level 2.4 Dodging
 + Level 3.5 Stealth
 - Level 2.1 Spellcasting
 + Level 1.8 Conjurations
 + Level 3.4 Air Magic


You had 3 spell levels left.
You knew the following spells:

 Your Spells              Type           Power      Damage    Failure   Level
a - Shock                 Conj/Air       40%        1d5       7%          1
b - Static Discharge      Conj/Air       10%        N/A       11%         2

Your spell library contained the following spells:

 Spells                   Type           Power      Damage    Failure   Level
 Swiftness                Air            12%        N/A       16%         3
 Airstrike                Air            6%         N/A       45%         4


Dungeon Overview and Level Annotations

Branches:
Dungeon (1/15)

Altars:
Ru

Shops:
D:1 [


Innate Abilities, Weirdness & Mutations

You are small and have problems with some larger weapons.
You are completely attuned to the shadows.


Message History

MP restored: 6 Ye see 'ere a bat corpse.
A dart slug comes inta view.
Tha helpless dart slug fails ta defend itself.
Ye puncture tha dart slug!
Tha dart slug be severely wounded.
Tha dart slug misses ye.
Ye hit tha dart slug.
Tha dart slug be almost dead.
Ye hit tha dart slug.
Ye kill tha dart slug!
Nay target in view!
Nay target in view!
Ye see 'ere a dart slug corpse.
Found 5 poison'd darts.
Ye see 'ere 5 poison'd darts.
j - 5 poison'd darts
Found a scale mail.
Found a plate armour.
Ye see 'ere a +0 plate armour.
Ye reach down an' op'n tha door.
A bat comes inta view.
Found a faded altar o' an unknown god.
Thar be an op'n door 'ere.
Tha helpless bat fails ta defend itself.
Ye puncture tha bat!
Ye kill tha bat!
Nay target in view!
Thar be a faded altar o' an unknown god 'ere.
Ye cannae tell which god 'tis altar belongs ta.
Convert ta 'em anyway?
Ru accepts yer prayer!
Ru welcomes ye!
Thar be an op'n door 'ere.
Ru believes ye be ready ta make a new sacrifice.
Ru asks ye ta sacrifice yer Armour skill. 'tis be a major sacrifice.
Piety after sacrifice: *.....
Do ye re'lly want ta make 'tis sacrifice?
Okay, than.
Unknown command.
Be ye sure ye want ta abandon 'tis character an' quit tha game? (Confirm wit' "aye".)

#.## #..............
#..#######..............
#..................#####
#######.################
#888#..#†#..#..........
#...#..#.'..#..........
##'##..#.#..#..........
#......#_#..#..........
#...#.@###..#..........
#####......##..........
#...#...###............
###..#####)..............
#...†.................#..
#..................##.#.#
#........####......##.#..
#####....'..+......##.#.#
#....####......##.#..


There were no monsters in sight!

Vanquished Creatures
  3 dart slugs (D:1)
  3 bats (D:1)
  A giant cockroach (D:1)
  2 goblins (D:1)
  A hobgoblin (D:1)
  A kobold (D:1)
  3 quokkas (D:1)
  2 ball pythons (D:1)
  A frilled lizard (D:1)
  A rat (D:1)
18 creatures vanquished.

Notes
Turn   | Place    | Note
-------+----------+-------------------------------------------
     0 | D:1      | ProzacElf the Kobold Air Elementalist began the quest for
                  | the Orb.
     0 | D:1      | Reached XP level 1. HP: 10/10 MP: 3/3
   286 | D:1      | Reached XP level 2. HP: 15/15 MP: 5/5
   291 | D:1      | Learned a level 2 spell: Static Discharge
   607 | D:1      | Reached XP level 3. HP: 19/19 MP: 6/6
   667 | D:1      | Found Nopobir's Antique Armour Shop.
   941 | D:1      | Found a faded altar of an unknown god.
   945 | D:1      | Prayed at the altar of an unknown god.
   945 | D:1      | Became a worshipper of Ru the Awakened
   955 | D:1      | Quit the game

Illustrated notes

Levels and vault maps discovered:
D:1:      scummos_arrival_forest, layout_basic,
          shapermc_ecumenical_altar_mp_vishouse, serial_shops,
          nicolae_shop_hallway_stairs

Skill      XL: |  1 |
---------------+----+-----
Stealth        | 3 |  3.5
Dodging        | |  2.4
Spellcasting   | |  2.1
Conjurations   | |  1.8
Air Magic      | |  3.4

Action                   || total
-------------------------++-------
Melee: Short sword       ||    31
       Punch             ||     1
 Cast: Shock             ||    12
       Static Discharge  ||     2
 Stab: Sleeping          ||     9
Armor: Robe              ||     1
Dodge: Dodged            ||    22
